 Dungeon Crawl Stone Soup version 0.21-a0-518-g43a1781 (webtiles) character file.

4490 nikopol the Cleaver (level 10, -2/88 HPs)
             Began as a Minotaur Berserker on Dec 4, 2017.
             Was a High Priest of Trog.
             Succumbed to a killer bee's poison
             ... on level 9 of the Dungeon.
             The game lasted 00:18:18 (7634 turns).

nikopol the Cleaver (Minotaur Berserker)            Turns: 7634, Time: 00:18:19

Health: -2/88      AC: 15    Str: 24    XL:     10   Next: 16%
Magic:  9/9        EV: 11    Int:  4    God:    Trog [*****.]
Gold:   315        SH:  0    Dex: 11    Spells: 9/9 levels left

rFire    . . .     SeeInvis .   a - +0 war axe
rCold    . . .     Gourm    .   (no shield)
rNeg     . . .     Faith    .   x - +0 chain mail
rPois    .         Spirit   .   j - +0 hat
rElec    .         Reflect  .   N - +0 cloak
rCorr    +         Harm     .   (no gloves)
MR       .....                  G - +2 pair of boots
Stlth    ..........             (no amulet)
HPRegen  0.24/turn              q - ring of resist corrosion
MPRegen  0.11/turn              (no ring)

@: lethally poisoned (-2 -> -44), berserk cooldown, slowed, very slow
A: retaliatory headbutt, horns 2
a: Berserk, Trog's Hand, Brothers in Arms, Burn Spellbooks, Renounce Religion


You were on level 9 of the Dungeon.
You worshipped Trog.
Trog was extremely pleased with you.
You were very hungry.

You visited 1 branch of the dungeon, and saw 9 of its levels.

You collected 315 gold pieces.

Inventory:

Hand Weapons
 a - a +0 war axe (weapon)
 u - a cursed -1 flail
 z - a +0 shortbow
Missiles
 A - 119 arrows
Armour
 j - a +0 hat (worn)
 x - a +0 chain mail (worn)
 G - a +2 pair of boots (worn)
 N - a +0 cloak (worn)
Jewellery
 q - a ring of resist corrosion (left hand)
Wands
 t - a wand of clouds (1)
 F - a wand of digging (22)
 H - a wand of iceblast (8)
 J - a wand of random effects (36)
Scrolls
 e - 5 scrolls of identify {unknown}
 g - 2 scrolls of magic mapping {unknown}
 h - 6 scrolls of remove curse {unknown}
 i - 5 scrolls of fog {unknown}
 r - 4 scrolls of enchant weapon {unknown}
 y - a scroll of fear {unknown}
 C - a scroll of enchant armour {unknown}
 K - a scroll of noise {unknown}
 L - 4 scrolls of immolation {unknown}
 M - 3 scrolls of amnesia {unknown}
Potions
 d - 2 potions of invisibility {unknown}
 k - 6 potions of heal wounds {unknown}
 l - a potion of mutation {unknown}
 m - 2 potions of lignification {unknown}
 n - 2 potions of ambrosia {unknown}
 o - 2 potions of curing {unknown}
 w - 2 potions of resistance {unknown}
 D - a potion of flight {unknown}
 E - a potion of experience {unknown}
Comestibles
 b - 2 chunks of flesh
 c - 3 bread rations
 f - 7 meat rations
 I - a fruit


   Skills:
 + Level 8.1 Fighting
 + Level 11.2 Axes
 + Level 4.3 Bows
 + Level 8.7 Armour
 + Level 6.1 Dodging
 + Level 2.4 Stealth


You had 9 spell levels left.
You didn't know any spells.

Dungeon Overview and Level Annotations

Branches:
Dungeon (9/15)             Temple (0/1) D:4            Lair (0/6) D:8
    Orc: D:9-12

Altars:
Kikubaaqudgha
Nemelex Xobeh


Innate Abilities, Weirdness & Mutations

You reflexively headbutt those who attack you in melee.
You have a pair of horns on your head.


Message History

You are lethally poisoned!
The killer bee poisons you! The killer bee stings you.
* * * LOW HITPOINT WARNING * * *
You are more poisoned.
The killer bee poisons you! The killer bee stings you.
* * * LOW HITPOINT WARNING * * *
The killer bee closely misses you. The killer bee barely misses you.
* * * LOW HITPOINT WARNING * * *
You feel very sick.
The killer bee stings you but does no damage.
The killer bee closely misses you. The killer bee stings you.
* * * LOW HITPOINT WARNING * * *
You are more poisoned.
The killer bee poisons you! The killer bee barely misses you.
You furiously retaliate!
You headbutt the killer bee! The killer bee closely misses you.
The killer bee stings you but does no damage. x2
A killer bee comes into view.
There is an open door, spattered with blood here.
You die...

#.........####....##.#
#....................#
###........†...........#
†...†..................#
#############'##.......#
......Kyy#.......#
.......yy#.......#
..y....yy'.......#
...y....y#@##....#
...#######.......# .y.
...........# ..
...........#
...........#
...........#
+...........#
#...........#
#..........#


You could see a big kobold and 6 killer bees.

Vanquished Creatures
  Psyche (D:8)
  A komodo dragon (D:8)
  A hippogriff (D:7)
  Duvessa (D:6)
  An ice beast (D:7)
  3 orc warriors
  2 sky beasts (D:9)
  A black bear (D:6)
  An ogre (D:7)
  A phantom (D:5)
  A centaur (D:7)
  4 bullfrogs
  A big kobold (D:8)
  A gnoll sergeant (D:7)
  Dowan (D:6)
  A water moccasin zombie (D:7)
  2 scorpions
  18 killer bees
  5 wights (D:7)
  2 howler monkeys
  A bullfrog zombie (D:5)
  3 crimson imps
  A centaur zombie (D:5)
  2 orc priests (D:7)
  3 hounds
  9 orc wizards
  A bullfrog skeleton (D:5)
  Terence (D:3)
  Ijyb (D:3)
  Natasha (D:3)
  5 worker ants
  A hound skeleton (D:7)
  Robin (D:3)
  A worker ant zombie (D:8)
  5 gnolls (D:7)
  11 adders
  2 shadow imps
  An ooze (D:3)
  An adder zombie (D:5)
  4 worms
  A dart slug (D:1)
  5 leopard geckos
  23 orcs
  4 ball pythons
  5 giant cockroaches
  15 goblins
  9 hobgoblins
  A jackal (D:1)
  8 kobolds
  2 quokkas
  3 bats
  3 frilled lizards
  6 rats
189 creatures vanquished.

Vanquished Creatures (others)
  A plant (D:8)
1 creature vanquished.

Grand Total: 190 creatures vanquished

Notes
Turn   | Place    | Note
-------+----------+-------------------------------------------
     0 | D:1      | nikopol the Minotaur Berserker began the quest for the Orb.
     0 | D:1      | Reached XP level 1. HP: 19/19 MP: 0/0
   193 | D:1      | Reached XP level 2. HP: 23/27 MP: 1/1
   656 | D:2      | Reached skill level 4 in Axes
   915 | D:2      | Reached XP level 3. HP: 28/33 MP: 2/2
  1244 | D:3      | Reached ** piety under Trog
  1249 | D:3      | Noticed Robin
  1370 | D:3      | Killed Robin
  1465 | D:3      | Reached XP level 4. HP: 26/40 MP: 3/3
  1655 | D:3      | Found an ancient bone altar of Kikubaaqudgha.
  1682 | D:3      | Noticed Natasha
  1690 | D:3      | Killed Natasha
  1690 | D:3      | Reached skill level 5 in Axes
  1878 | D:3      | Reached XP level 5. HP: 19/47 MP: 4/4
  2092 | D:3      | Noticed Ijyb
  2109 | D:3      | Killed Ijyb
  2109 | D:3      | Reached skill level 5 in Fighting
  2211 | D:3      | Noticed Terence
  2222 | D:3      | Reached *** piety under Trog
  2225 | D:3      | Killed Terence
  2500 | D:4      | Reached XP level 6. HP: 56/56 MP: 5/5
  2523 | D:4      | Reached skill level 6 in Axes
  2523 | D:4      | Reached skill level 1 in Stealth
  2781 | D:4      | Found a staircase to the Ecumenical Temple.
  3085 | D:5      | Entered Level 5 of the Dungeon
  3217 | D:5      | Found a sparkling altar of Nemelex Xobeh.
  3237 | D:5      | Reached XP level 7. HP: 31/61 MP: 6/6
  3248 | D:5      | Reached **** piety under Trog
  3649 | D:5      | Reached skill level 7 in Axes
  3668 | D:5      | Reached skill level 5 in Armour
  4206 | D:6      | Noticed Duvessa
  4207 | D:6      | Noticed Dowan
  4214 | D:6      | Killed Duvessa
  4224 | D:6      | Killed Dowan
  4309 | D:6      | Reached XP level 8. HP: 64/70 MP: 7/7
  4644 | D:7      | Reached skill level 8 in Axes
  4934 | D:7      | Reached skill level 5 in Dodging
  4937 | D:7      | Reached skill level 9 in Axes
  5558 | D:7      | Noticed a hippogriff
  5567 | D:7      | Killed a hippogriff
  5567 | D:7      | Reached XP level 9. HP: 68/79 MP: 8/8
  6000 | D:7      | Reached skill level 10 in Axes
  6240 | D:8      | Reached ***** piety under Trog
  6251 | D:8      | Reached skill level 1 in Bows
  6448 | D:8      | Noticed Psyche
  6458 | D:8      | Killed Psyche
  7213 | D:8      | Found a staircase to the Lair.
  7214 | D:8      | Noticed a komodo dragon
  7244 | D:8      | Killed a komodo dragon
  7244 | D:8      | Reached skill level 11 in Axes
  7349 | D:9      | Reached XP level 10. HP: 76/88 MP: 9/9
  7633 | D:9      | HP: 2/88 [killer bee (6)]
  7634 | D:9      | Succumbed to a killer bee's poison

Vault maps used:
D:1:      tarquinn_simple_flora_water_a, minmay_tetromino_l2
D:2:      hangedman_decor_push
D:3:      nicolae_overflow_crystal_walls, first_bread, uniq_ijyb, uniq_robin,
          uniq_natasha, uniq_terence
D:4:      minmay_temple_entry_nine_rooms
D:5:      serial_park, serial_park_paths, serial_park_tiny_1,
          serial_park_square3
D:6:      hangedman_decor_clover_reticule, kennysheep_generic_room_9,
          uniq_duvessa
D:7:      hangedman_abyss_or_decor_stagger
D:8:      david_lair_shrubbed, uniq_psyche
D:9:      david_orc_2, blue_anna_alchemist

Skill      XL: |  1  2  3  4  5  6  7  8  9 10 |
---------------+-------------------------------+-----
Fighting       | 4 5 7 8 |  8.1
Axes           | 4 5 6 7 9 11 | 11.2
Dodging        | 3 4 5 6 |  6.1
Armour         | 3 4 5 7 8 |  8.7
Stealth        | 1 2 |  2.4
Bows           | 3 4 |  4.3

Action                   |  1- 3 |  4- 6 |  7- 9 | 10-12 || total
-------------------------+-------+-------+-------+-------++-------
Melee: Hand axe          |    69 |   180 |    32 |       ||   281
       Headbutt          |     8 |    26 |    41 |     5 ||    80
       War axe           |       |       |   216 |    35 ||   251
 Fire: Shortbow          |       |       |    28 |    13 ||    41
Invok: Berserk           |     1 |     1 |     8 |     1 ||    11
       Burn Spellbooks   |       |       |     3 |       ||     3
  Eat: Chunk             |     1 |     6 |     7 |     1 ||    15
       Royal jelly       |     1 |       |     1 |       ||     2
       Fruit             |       |       |     2 |       ||     2
       Meat ration       |       |       |     1 |       ||     1
       Bread ration      |       |       |     1 |       ||     1
Armor: Animal skin       |    13 |     3 |       |       ||    16
       Ring mail         |       |    39 |    74 |       ||   113
       Chain mail        |       |       |    25 |    53 ||    78
Dodge: Dodged            |    51 |    99 |   146 |    57 ||   353

Table legend:
 A = Spawn XP
 B = Non-spawn XP
 C = Spawn XP percentage of total XP
 D = Spawn monster count
 E = Non-spawn monster count
 F = Spawn count percentage of total count
 G = Total turns spent on level
                    A         B        C        D         E        F      G
               +---------+---------+-------+---------+---------+-------+---------
         Total |       0 |    6415 |   0.0 |       0 |     189 |   0.0 |  7634
               +---------+---------+-------+---------+---------+-------+---------
           D:1 |       0 |      19 |   0.0 |       0 |      10 |   0.0 |   574
           D:2 |       0 |      36 |   0.0 |       0 |      12 |   0.0 |   758
           D:3 |       0 |     260 |   0.0 |       0 |      40 |   0.0 |   990
           D:4 |       0 |     232 |   0.0 |       0 |      22 |   0.0 |   763
           D:5 |       0 |     513 |   0.0 |       0 |      15 |   0.0 |   941
           D:6 |       0 |     517 |   0.0 |       0 |       8 |   0.0 |  1092
           D:7 |       0 |    2374 |   0.0 |       0 |      47 |   0.0 |  1110
           D:8 |       0 |    1462 |   0.0 |       0 |      19 |   0.0 |  1082
           D:9 |       0 |    1002 |   0.0 |       0 |      16 |   0.0 |   324
               +---------+---------+-------+---------+---------+-------+---------
